 Dungeon Crawl Stone Soup version 0.30.1-11-g7821555f0a (webtiles) character file.

Game seed: 18344095525781040561

144 KittyFluff the Cudgeller (level 5, -1/33 HPs)
             Began as a Gargoyle Berserker on Oct 28, 2023.
             Was a Believer of Trog.
             Killed by divine providence
             ... invoked by an orc priest
              (10 damage)
             ... on level 4 of the Dungeon.
             The game lasted 00:07:40 (2243 turns).

KittyFluff the Cudgeller (Gargoyle Berserker)       Turns: 2243, Time: 00:07:40

Health: -1/33      AC:  8    Str: 23    XL:     5   Next: 27%
Magic:  5/5        EV: 11    Int:  7    God:    Trog [**....]
Gold:   152        SH:  0    Dex:  9    Spells: 4/4 levels left

rFire   + . .        a - +0 mace
rCold   . . .        (no shield)
rNeg    + . .        j - +0 leather armour
rPois   ∞            (no helmet)
rElec   +            o - +0 cloak
rCorr   .            (no gloves)
SInv    .            (no boots)
Will    .....        (no amulet)
Stlth   +            u - ring of protection from fire
HPRegen 0.25/turn    (no ring)
MPRegen 0.09/turn

%: no passive effects
@: no status effects
A: sickness immunity, AC +4, negative energy resistance 1, electricity
resistance, torment resistance 1, petrification resistance
a: Renounce Religion, Berserk, Trog's Hand


You were on level 4 of the Dungeon.
You worshipped Trog.
Trog was pleased with you.
You visited 1 branch of the dungeon, and saw 4 of its levels.

You collected 152 gold pieces.

Inventory:

Hand Weapons
 a - a +0 mace (weapon)
Missiles
 s - 4 poisoned darts (quivered)
Armour
 j - a +0 leather armour (worn)
 o - a +0 cloak (worn)
Jewellery
 u - a ring of protection from fire (left hand)
Scrolls
 d - a scroll of summoning {unknown}
 i - 2 scrolls of noise {unknown}
 m - a scroll of teleportation {unknown}
 n - a scroll of blinking {unknown}
 p - a scroll of brand weapon {unknown}
 q - 2 scrolls of identify {unknown}
 r - a scroll of torment {unknown}
 t - a scroll of silence {unknown}
Potions
 b - 2 potions of ambrosia {unknown}
 c - 3 potions of attraction {unknown}
 e - a potion of curing {unknown}
 f - a potion of magic {unknown}
 g - a potion of lignification {unknown}
 h - a potion of invisibility {unknown}
 k - a potion of heal wounds
 l - a potion of haste {unknown}


   Skills:
 + Level 4.0 Fighting
 * Level 4.1 Maces & Flails
 * Level 3.8 Armour
 + Level 2.2 Dodging


You had 4 spell levels left.
You didn't know any spells.
Your spell library was empty.

Dungeon Overview and Level Annotations

Branches:
Dungeon (4/15)
 Temple: D:4-7

Altars:
Trog

Annotations:
D:2 1 runed translucent door, Crazy Yiuf
D:3 3 runed translucent doors, Tang's ghost, amateur DsVM


Innate Abilities, Weirdness & Mutations

You are immune to sickness and miasma.
Your stone body is resilient. (AC +4)
You are immune to poison.
You resist negative energy. (rN+)
You are resistant to electric shocks. (rElec)
You are resistant to unholy torment.
You are immune to petrification.


Message History

The orc barely misses you.
You thump the orc!
You kill the orc!
Trog accepts your kill.
The orc priest invokes the aid of Beogh against you.
Beogh smites you! The orc priest barely misses you.
Things that are here:
a +0 club; an orc corpse You hit the orc priest.
The orc priest is lightly wounded.
The orc priest hits you but does no damage.
You closely miss the orc priest.
The orc priest is lightly wounded.
The orc priest hits you with a +0 flail.
You closely miss the orc priest.
The orc priest is lightly wounded.
The orc priest hits you with a +0 flail.
You hit the orc priest but do no damage.
The orc priest is lightly wounded.
The orc priest barely misses you. The orc priest closely misses you.
You closely miss the orc priest.
The orc priest is lightly wounded.
The orc priest barely misses you.
You closely miss the orc priest.
The orc priest is lightly wounded.
The orc priest barely misses you.
You hit the orc priest.
The orc priest is heavily wounded.
The orc priest invokes the aid of Beogh against you.
Pain shoots through your body!
You thump the orc priest!
The orc priest is almost dead.
The orc priest hits you with a +0 flail.
* * * LOW HITPOINT WARNING * * *
You barely miss the orc priest.
The orc priest is almost dead.
The orc priest calls down the wrath of Beogh upon you.
Beogh smites you!
You die...

#...# #.#
#.### #.#
#.# #.# #.#
#.# #.# #.#
#.# #.# #.#
.
##.#####...#
#...@oo.>.#
##.#####.##
#.# ... ####


You could see an orc priest and an orc.

Vanquished Creatures
  A howler monkey (D:3)
  4 adders
  A worm (D:2)
  2 dart slugs
  2 orcs
  3 ball pythons
  5 bats
  An endoplasm (D:3)
  2 giant cockroaches
  11 hobgoblins
  6 jackals
  4 quokkas
  2 frilled lizards
  6 goblins
  4 kobolds
  3 rats
57 creatures vanquished.

Notes
Turn   | Place    | Note
-------+----------+-------------------------------------------
     0 | D:1      | KittyFluff the Gargoyle Berserker began the quest for the
                  | Orb.
     0 | D:1      | Reached XP level 1. HP: 14/14 MP: 1/1
    77 | D:1      | Reached XP level 2. HP: 15/19 MP: 2/2
   580 | D:2      | Reached XP level 3. HP: 22/23 MP: 3/3
   870 | D:2      | Reached ** piety under Trog
  1162 | D:2      | Found a runed translucent door.
  1163 | D:2      | Noticed Crazy Yiuf
  1191 | D:2      | Reached XP level 4. HP: 29/29 MP: 4/4
  1553 | D:3      | Noticed a kobold brigand
  1555 | D:3      | Found a runed translucent gate.
  1557 | D:3      | Noticed Tang's ghost (amateur DsVM)
  1579 | D:3      | Found a runed translucent gate.
  1579 | D:3      | Found a runed translucent gate.
  1643 | D:3      | Reached XP level 5. HP: 30/33 MP: 5/5
  1923 | D:3      | Found a bloodstained altar of Trog.
  2055 | D:3      | Found a faded altar of an unknown god.
  2243 | D:4      | Killed from afar by an orc priest

Illustrated notes

Levels and vault maps discovered:
D:1:      pf_arrival_petrified_forest, layout_basic
D:2:      layout_loops_corners, kennysheep_generic_room_2,
          uniq_crazy_yiuf_cottage
D:3:      layout_basic, trog_three_pillars_becter,
          gammafunk_ghost_nasty_kobolds, nicolae_ecumenical_lake_church
D:4:      layout_basic, serial_rivers, chequers_serial_rivers_large_b,
          chequers_serial_rivers_room_b, chequers_serial_rivers_room_b,
          chequers_serial_rivers_small_3

Skill      XL: |  1  2  3  4  5 |
---------------+----------------+-----
Armour         | 3 |  3.8
Dodging        | 2 |  2.2
Maces & Flails | 4 |  4.1
Fighting       | 4 |  4.0

Action                     |  1- 3 |  4- 6 || total
---------------------------+-------+-------++-------
  Melee: Mace              |   111 |    90 ||   201
         Punch             |     2 |       ||     2
 Armour: Animal skin       |    20 |       ||    20
         Leather armour    |    35 |    41 ||    76
  Dodge: Dodged            |    74 |    57 ||   131
